Map: New Gettysburg LE

Players

Moat - Winner!

  • Race: Protoss Protoss
  • League: Diamond
  • Spawn Location: 7:00

Fropez

  • Race: Protoss Protoss
  • League: Gold
  • Spawn Location: 5:00

VOD

Have the link to the VOD?

Description

Time

  • Played on: Nov. 2, 2016, 5:17 p.m.
  • Length: 4:38
Show
View Real Time Build Order
Export as new Build Order

Moat Protoss - Winner!

Build Orders: Oracle Opening 

Get SALT Encoding   

  12  0:01  Probe (Chrono Boost)  
  13  0:12  Probe (Chrono Boost)  
  14  0:21  Pylon  
  14  0:26  Probe (Chrono Boost)  
  15  0:39  Probe (Chrono Boost)  
  15  0:42  Gateway  
  16  0:49  Assimilator  
  16  0:52  Assimilator  
  16  0:56  Probe (Chrono Boost)  
  17  1:06  Probe (Chrono Boost), Assimilator  
  18  1:17  Probe (Chrono Boost)  
  19  1:27  Probe (Chrono Boost)  
  20  1:33  Cybernetics Core  
  20  1:36  Pylon  
  20  1:42  Probe (Chrono Boost)  
  21  1:47  Pylon  
  21  1:58  Gateway  
  21  2:01  Pylon  
  21  2:10  Stalker, Warp Gate  
  23  2:27  Mothership Core (Chrono Boost)  
  25  2:41  Stalker  
  27  2:47  Stargate  
  27  3:00  Stalker  
  27  3:04  Probe (Chrono Boost)  
  29  3:15  Probe (Chrono Boost)  
  30  3:44  Oracle (Chrono Boost)  
  31  4:13  Mothership Core  
  37  4:32  Nexus  
Show
View Real Time Build Order
Export as new Build Order

Fropez Protoss 

Build Orders:  

Get SALT Encoding   

  12  0:01  Probe (Chrono Boost)  
  14  0:20  Probe (Chrono Boost)  
  14  0:23  Pylon  
  14  0:30  Probe (Chrono Boost)  
  14  0:34  Assimilator  
  15  0:41  Probe (Chrono Boost)  
  16  0:52  Probe (Chrono Boost)  
  17  0:58  Gateway  
  17  1:02  Probe (Chrono Boost)  
  18  1:13  Probe (Chrono Boost)  
  18  1:15  Pylon  
  18  1:17  Pylon  
  19  1:23  Probe (Chrono Boost)  
  20  1:49  Cybernetics Core  
  20  1:51  Probe (Chrono Boost)  
  21  2:12  Gateway  
  21  2:27  Stargate  
  21  2:29  Gateway  
  21  2:34  Gateway  
  21  2:41  Mothership Core (Chrono Boost)  
  23  2:48  Zealot  
  25  3:00  Probe (Chrono Boost)  
  26  3:10  Probe (Chrono Boost)  
  26  3:29  Assimilator  
  26  3:30  Probe (Chrono Boost)  
  27  3:40  Probe (Chrono Boost)  
Tags
 
Matchup
PvP
Replay Pack
All Mines
Spawn Locations
Close Positions
Add a new tag
Caveats
  • Supply blocks, unpowered buildings, or Contaminate may cause inaccurate times.
  • Supply counts are checked every 10 seconds.